AoeStats
← Mjölk

Arabia

510158815Analyzed
1v1 RM · 4d ago on Sep 29, 2026· 50m 12s· 2 players
Game mode
Random Map
Map size
Tiny (2 player)
Population
200
Speed
Normal
Resources
Standard
Victory
Conquest
Starting age
Dark Age
Ending age
Imperial Age
RankedLock teamsTeams togetherTeam positionsShared explorationLock speedFull tech treeHidden civsTurbo modeCheats
Victory
Defeat
🇪🇸 Spanish · Spain
555
+12
🇸🇪 Turks · Sweden
473
-12
Mjölk
0:57 Loom
12:56 Feudal Age
14:29 Horse Collar
16:15 Double-Bit Axe
23:49 Castle Age
23:24 Fletching
24:44 Bodkin Arrow
28:17 Bow Saw
28:13 Heavy Plow
35:12 Wheelbarrow
34:51 Squires
39:15 Imperial Age
39:13 Wheelbarrow
41:54 Conscription
43:37 Bracer
46:11 Two-Man Saw
46:11 Parthian Tactics
48:14 Heavy Cavalry Archer
49:52 Gold Mining
Terciosureste21
5:19 Loom
12:32 Feudal Age
13:01 Horse Collar
13:08 Double-Bit Axe
14:04 Wheelbarrow
13:25 Gold Mining
14:08 Stone Mining
17:39 Town Watch
22:24 Forging
22:20 Scale Barding Armor
24:42 Castle Age
23:27 Bloodlines
23:17 Fletching
25:15 Scale Mail Armor
25:41 Squires
26:17 Hand Cart
26:27 Light Cavalry
28:35 Iron Casting
28:13 Husbandry
29:29 Stone Shaft Mining
33:44 Town Patrol
34:06 Pikeman
34:35 Gambesons
38:11 Bow Saw
38:06 Heavy Plow
43:49 Chain Mail Armor
43:54 Chain Barding Armor
43:31 Bodkin Arrow
49:25 Imperial Age
49:51 Padded Archer Armor
51:29 Chemistry
50:51 Ballistics
50:44 Masonry
50:30 Murder Holes
51:47 Blast Furnace
51:18 Plate Mail Armor
51:23 Plate Barding Armor
50:49 Bracer
Connection lost

Rejoining the realm…

Still unreachable

The connection could not be restored.

Session expired

The server has moved on; the page needs a fresh start.